 Dungeon Crawl Stone Soup version 0.25-a0-100-g33052ceff8 (console) character file.

Game seed: 7748078169825620928, levelgen mode: deterministic

574 Kagalorn the Conjurer (level 7, -6/56 HPs)
             Began as a Gnoll Wanderer on Nov 15, 2019.
             Killed by divine providence
             ... invoked by an orc priest
              (12 damage)
             ... on level 5 of the Dungeon.
             The game lasted 00:17:40 (4456 turns).

Kagalorn the Conjurer (Gnoll Wanderer)              Turns: 4456, Time: 00:17:40

Health: -6/56      AC: 10    Str: 17    XL:     7   Next: 35%
Magic:  1/15       EV: 12    Int: 13    God:
Gold:   125        SH:  0    Dex: 15    Spells: 8/17 levels left

rFire    . . .     SeeInvis .   g - -1 hunting sling (curse)
rCold    . . .     Gourm    .   (no shield)
rNeg     . . .     Faith    .   b - +0 ring mail (curse)
rPois    .         Spirit   .   l - +0 helmet
rElec    .         Reflect  .   (no cloak)
rCorr    .         Harm     .   i - +2 pair of gloves
MR       .....                  (no boots)
Stlth    +.........             (no amulet)
HPRegen  0.18/turn              (no ring)
MPRegen  0.14/turn              (no ring)

@: very slightly contaminated
A: distributed training, fangs 1, strong nose
a: no special abilities


You were on level 5 of the Dungeon.
You were very hungry.

You visited 1 branch of the dungeon, and saw 5 of its levels.

You collected 125 gold pieces.

Inventory:

Hand Weapons
 a - a +0 spear
 g - a cursed -1 hunting sling (weapon)
 q - a +0 trident
Missiles
 j - 16 bolts
 k - 93 stones (quivered)
 t - 14 sling bullets
Armour
 b - a cursed +0 ring mail (worn)
 c - a +3 chain mail of poison resistance
 d - a +0 robe
 i - a +2 pair of gloves (worn)
 l - a +0 helmet (worn)
Jewellery
 o - a cursed amulet of inaccuracy {unknown}
 r - an uncursed ring of stealth {unknown}
 y - an uncursed ring of magical power {unknown}
 A - an uncursed ring of ice {unknown}
Scrolls
 e - 3 scrolls of amnesia
 u - 2 scrolls of identify
 v - a scroll of teleportation
 w - a scroll of magic mapping {unknown}
 x - a scroll of remove curse {unknown}
Potions
 h - a potion of lignification
 m - a potion of mutation
 n - 2 potions of haste {unknown}
 p - a potion of berserk rage {unknown}
 s - 4 potions of curing {unknown}
 z - a potion of agility {unknown}
Comestibles
 f - 6 rations


   Skills:
 + Level 5.2 Fighting
 + Level 2.3 Short Blades
 + Level 2.3 Long Blades
 + Level 2.3 Axes
 + Level 2.3 Maces & Flails
 + Level 2.3 Polearms
 + Level 2.3 Staves
 + Level 2.3 Slings
 + Level 2.3 Bows
 + Level 2.3 Crossbows
 + Level 2.3 Throwing
 + Level 3.5 Armour
 + Level 2.3 Dodging
 + Level 2.3 Stealth
 + Level 2.3 Shields
 + Level 2.3 Unarmed Combat
 + Level 5.5 Spellcasting
 + Level 5.8 Conjurations
 + Level 1.9 Hexes
 + Level 1.9 Charms
 + Level 1.9 Summonings
 + Level 1.9 Necromancy
 + Level 1.9 Translocations
 + Level 1.9 Transmutations
 + Level 1.9 Fire Magic
 + Level 1.9 Ice Magic
 + Level 1.9 Air Magic
 + Level 1.9 Earth Magic
 + Level 1.9 Poison Magic
 + Level 2.6 Invocations
 + Level 5.2 Evocations


You had 8 spell levels left.
You knew the following spells:

 Your Spells              Type           Power        Failure   Level  Hunger
a - Magic Dart            Conj           ###.         3%          1    None
b - Blink                 Tloc           N/A          22%         2    ##.....
c - Conjure Flame         Conj/Fire      ##......     19%         3    ###....
d - Mephitic Cloud        Conj/Pois/Air  ##......     26%         3    ###....

Your spell library contained the following spells:

 Spells                   Type           Power        Failure   Level  Hunger
 Call Imp                 Summ           #.......     22%         2    ##.....
 Poisonous Vapours        Pois/Air       #.....       22%         2    ##.....
 Slow                     Hex            #.......     22%         2    ##.....
 Swiftness                Chrm/Air       #.......     22%         2    ##.....


Dungeon Overview and Level Annotations

Branches:
Dungeon (5/15)
 Temple: D:4-7

Altars:
Hepliaklqana
Kikubaaqudgha
Makhleb
Nemelex Xobeh
Sif Muna
Vehumet
Wu Jian
Xom
Yredelemnul
Zin

Annotations:
D:5 Eustachio


Innate Abilities, Weirdness & Mutations

Your experience applies equally to all skills.
You have very sharp teeth.
Your uncanny sense of smell can sniff out nearby items.


Message History

You miscast Blink.
Nothing appears to happen.
The orc priest invokes the aid of Beogh against you.
Pain shoots through your body! Eustachio barely misses you.
The white imp gestures at you. The puff of frost hits you.
Casting: Blink (safe; 22% risk of failure)
Confirm with . or Enter, or press ? or * to list all spells.
You don't have enough magic to cast that spell.
The ufetubus hits you but does no damage.
The ufetubus misses you.
The orc priest looks braver for a moment.
Eustachio utters an oath, "I will die for my friends!"
The ufetubus closely misses you. x2
The orc priest invokes the aid of Beogh against you.
Beogh smites you!
* * * LOW HITPOINT WARNING * * *
Eustachio yells, "Perjured traitor, DIE!"
The orc priest calls down the wrath of Beogh upon you.
Beogh smites you!
You die...

#.....# #o....#
#....(# #....(#
#.o55.# #...r#########
#...@##......###
#...5#.........#...#
#...@+.........#...#
#....#.........# ..#
#....##....##### #.#
#....##....##.####.##
#....##.....#........
#.....#.....#..ror...
#.....'.....#...ยง..o.
#....##....##..(#####
#....##.r..##...##..#


You could see Eustachio, an iron imp, an orc priest, a river rat, a white imp,
an orc (confused) and an ufetubus.

Vanquished Creatures
  An ogre (D:4)
  A centaur skeleton (D:4)
  A jelly (D:5)
  4 orc priests
  3 orc wizards (D:5)
  Terence (D:1)
  A worker ant (D:4)
  Robin (D:2)
  3 gnolls
  3 adders
  2 oozes
  3 worms
  3 dart slugs
  A leopard gecko (D:3)
  12 orcs
  6 bats
  4 giant cockroaches
  12 goblins
  7 hobgoblins
  6 jackals
  A quokka (D:3)
  3 ball pythons
  3 frilled lizards (D:1)
  A jackal skeleton (D:5)
  4 kobolds
  6 rats
93 creatures vanquished.

Notes
Turn   | Place    | Note
-------+----------+-------------------------------------------
     0 | D:1      | Kagalorn the Gnoll Wanderer began the quest for the Orb.
     0 | D:1      | Kagalorn set off with the following items: a +0 spear, a +0
                  | robe, a ration; and the following spell memorised: Magic
                  | Dart; and the following spells available to memorise:
                  | Conjure Flame, Blink, Call Imp, Poisonous Vapours, Slow,
                  | Swiftness, Mephitic Cloud
     0 | D:1      | Reached XP level 1. HP: 20/20 MP: 6/6
   141 | D:1      | Reached XP level 2. HP: 24/26 MP: 5/7
   376 | D:1      | Reached XP level 3. HP: 19/31 MP: 3/9
   432 | D:1      | Reached skill level 5 in Spellcasting
   918 | D:2      | Reached skill level 1 in Invocations
   932 | D:2      | Noticed Robin
   961 | D:2      | Killed Robin
   961 | D:2      | Reached skill level 1 in Short Blades
   961 | D:2      | Reached skill level 1 in Long Blades
   961 | D:2      | Reached skill level 1 in Axes
   961 | D:2      | Reached skill level 1 in Maces & Flails
   961 | D:2      | Reached skill level 1 in Polearms
   961 | D:2      | Reached skill level 1 in Staves
   961 | D:2      | Reached skill level 1 in Slings
   961 | D:2      | Reached skill level 1 in Bows
   961 | D:2      | Reached skill level 1 in Crossbows
   961 | D:2      | Reached skill level 1 in Throwing
   961 | D:2      | Reached skill level 1 in Dodging
   961 | D:2      | Reached skill level 1 in Stealth
   961 | D:2      | Reached skill level 1 in Shields
   961 | D:2      | Reached skill level 1 in Unarmed Combat
  1008 | D:2      | Found a shimmering blue altar of Sif Muna.
  1042 | D:2      | Noticed Terence
  1348 | D:1      | Killed Terence
  1348 | D:1      | Reached XP level 4. HP: 38/38 MP: 0/11
  1383 | D:2      | Found a shimmering altar of Xom.
  1385 | D:2      | Found a basalt altar of Yredelemnul.
  1385 | D:2      | Found an ornate altar of the Wu Jian Council.
  1387 | D:2      | Found a hazy altar of Hepliaklqana.
  1387 | D:2      | Found a burning altar of Makhleb.
  1387 | D:2      | Found a glowing silver altar of Zin.
  1667 | D:2      | Reached skill level 1 in Hexes
  1667 | D:2      | Reached skill level 1 in Charms
  1667 | D:2      | Reached skill level 1 in Summonings
  1667 | D:2      | Reached skill level 1 in Necromancy
  1667 | D:2      | Reached skill level 1 in Translocations
  1667 | D:2      | Reached skill level 1 in Transmutations
  1667 | D:2      | Reached skill level 1 in Fire Magic
  1667 | D:2      | Reached skill level 1 in Ice Magic
  1667 | D:2      | Reached skill level 1 in Air Magic
  1667 | D:2      | Reached skill level 1 in Earth Magic
  1667 | D:2      | Reached skill level 1 in Poison Magic
  2250 | D:2      | Reached XP level 5. HP: 38/43 MP: 12/12
  2654 | D:3      | Learned a level 2 spell: Blink
  2658 | D:3      | Learned a level 3 spell: Conjure Flame
  2662 | D:3      | Learned a level 3 spell: Mephitic Cloud
  2924 | D:3      | Found a sparkling altar of Nemelex Xobeh.
  3237 | D:3      | Found an ancient bone altar of Kikubaaqudgha.
  3237 | D:3      | Found a radiant altar of Vehumet.
  3237 | D:3      | Found a glowing silver altar of Zin.
  3257 | D:4      | Noticed an ogre
  3268 | D:4      | Killed an ogre
  3268 | D:4      | Reached XP level 6. HP: 50/50 MP: 8/14
  3330 | D:4      | Reached skill level 5 in Fighting
  3330 | D:4      | Reached skill level 5 in Evocations
  4178 | D:5      | Entered Level 5 of the Dungeon
  4188 | D:5      | Reached XP level 7. HP: 38/56 MP: 15/15
  4401 | D:5      | Noticed Eustachio
  4456 | D:5      | Killed from afar by an orc priest

Levels and vault maps discovered:
D:1:      dpeg_arrival_chase, layout_loops_ring, minmay_misc_feat_four_crosses,
          bh_walls_and_bars
D:2:      layout_rooms, doesnt_xom_only_xom, led_sif_pool, uniq_terence,
          uniq_robin
D:3:      layout_loops_ring, marbit_many_paths, gammafunk_temple_overflow_claw
D:4:      layout_loops_cross, minmay_diced_spiral
D:5:      layout_gridville, overflow_temple_1_default,
          overflow_temple_1_default, first_ration, minmay_crystal_water,
          chequers_decorated_corner, uniq_eustachio

Skill      XL: |  1  2  3  4  5  6 |
---------------+-------------------+-----
Spellcasting   | 5 |  5.5
Invocations    | 1 2 |  2.6
Short Blades   | 1 2 |  2.3
Long Blades    | 1 2 |  2.3
Axes           | 1 2 |  2.3
Maces & Flails | 1 2 |  2.3
Polearms       | 1 2 |  2.3
Staves         | 1 2 |  2.3
Slings         | 1 2 |  2.3
Bows           | 1 2 |  2.3
Crossbows      | 1 2 |  2.3
Throwing       | 1 2 |  2.3
Dodging        | 1 2 |  2.3
Stealth        | 1 2 |  2.3
Shields        | 1 2 |  2.3
Unarmed Combat | 1 2 |  2.3
Hexes          | 1 |  1.9
Charms         | 1 |  1.9
Summonings     | 1 |  1.9
Necromancy     | 1 |  1.9
Translocations | 1 |  1.9
Transmutations | 1 |  1.9
Fire Magic     | 1 |  1.9
Ice Magic      | 1 |  1.9
Air Magic      | 1 |  1.9
Earth Magic    | 1 |  1.9
Poison Magic   | 1 |  1.9
Armour         | 3 |  3.5
Fighting       | 5 |  5.2
Evocations     | 5 |  5.2
Conjurations   | |  5.8

Action                   |  1- 3 |  4- 6 |  7- 9 || total
-------------------------+-------+-------+-------++-------
Melee: Spear             |   102 |       |       ||   102
       Bite              |     8 |       |     1 ||     9
       Hunting sling     |       |       |     1 ||     1
 Fire: Hunting sling     |    58 |   302 |    58 ||   418
 Cast: Magic Dart        |    55 |     8 |     6 ||    69
       Mephitic Cloud    |       |     1 |     2 ||     3
       Blink             |       |       |     1 ||     1
  Use: Scroll            |     1 |     7 |       ||     8
       Potion            |     1 |       |       ||     1
  Eat: Chunk             |       |    10 |       ||    10
Armor: Ring mail         |    54 |    91 |    33 ||   178
Dodge: Dodged            |    62 |   124 |    33 ||   219

Table legend:
 A = Non-vault XP
 B = Vault XP
 C = Vault XP percentage of total XP
 D = Non-vault monster count
 E = Vault monster count
 F = Vault count percentage of total count
                 A         B        C        D         E       F
            +---------+---------+-------+---------+---------+-------
      Total |     697 |     124 |  15.1 |      77 |      16 |  17.2
            +---------+---------+-------+---------+---------+-------
        D:1 |      42 |      38 |  47.5 |      24 |       1 |   4.0
        D:2 |      91 |      34 |  27.2 |      13 |      11 |  45.8
        D:3 |     111 |       4 |   3.5 |      23 |       1 |   4.2
        D:4 |     241 |      48 |  16.6 |       7 |       3 |  30.0
        D:5 |     212 |       0 |   0.0 |      10 |       0 |   0.0
            +---------+---------+-------+---------+---------+-------
